 Dungeon Crawl Stone Soup version 0.23.1 (webtiles) character file.

Game seed: 0

3087 Lusmu the Nimble (level 9, -5/36 HPs)
             Began as a Felid Necromancer on Mar 14, 2019.
             Was a Follower of Kikubaaqudgha.
             Slain by a yak (13 damage)
             ... in an ice cave.
             The game lasted 01:50:15 (20510 turns).

Lusmu the Nimble (Felid Necromancer)               Turns: 20510, Time: 01:50:15

Health: -5/36      AC:  2    Str:  7    XL:     9   Next: 59%
Magic:  6/17       EV: 26    Int: 19    God:    Kikubaaqudgha [*.....]
Gold:   587        SH:  0    Dex: 17    Spells: 5/17 levels left
                                        Lives:  0   Deaths: 2

rFire    + . .     SeeInvis +     - Unarmed
rCold    . . .     Gourm    .   (shield unavailable)
rNeg     . . .     Faith    +   (armour unavailable)
rPois    +         Spirit   .   (helmet unavailable)
rElec    .         Reflect  .   (cloak unavailable)
rCorr    .         Harm     .   (gloves unavailable)
MR       +....                  (boots unavailable)
Stlth    ++++++....             q - amulet of faith
HPRegen  0.12/turn              g - ring of stealth
MPRegen  0.15/turn              p - ring of protection from fire

@: quick
A: very small, no armour, no weapons or thrown items, stealth, claws 1, fangs 3,
see invisible, carnivore, speed 1, frail 1, poison resistance, shaggy fur 2,
slow metabolism 1, strong 1, sharp paws
a: Receive Corpses, Renounce Religion


You were in an ice cave.
You worshipped Kikubaaqudgha.
Kikubaaqudgha was aware of your devotion.
You were not hungry.

You visited 3 branches of the dungeon, and saw 14 of its levels.
You also visited: Ice Cave.

You collected 587 gold pieces.

Inventory:

Jewellery
 g - a ring of stealth (left paw)
 p - a ring of protection from fire (right paw)
 q - an amulet of faith (around neck)
Wands
 l - a wand of enslavement (1)
 o - a wand of scattershot (2)
 r - a wand of flame (16)
Scrolls
 c - a scroll of identify
 d - 6 scrolls of remove curse
 e - 2 scrolls of teleportation
 f - 2 scrolls of noise
 i - 3 scrolls of amnesia
 t - a scroll of fear {unknown}
Potions
 a - 2 potions of curing
 h - a potion of brilliance
 j - 2 potions of might
 k - a potion of heal wounds
 m - 2 potions of agility
 n - 2 potions of haste
Comestibles
 b - 27 rations
 s - 6 chunks of flesh


   Skills:
 + Level 5.8 Fighting
 - Level 10.0 Dodging
 - Level 10.0 Stealth
 + Level 8.5 Unarmed Combat
 + Level 4.8 Spellcasting
 - Level 3.1 Conjurations
 - Level 2.2 Hexes
 + Level 8.6 Necromancy
 - Level 3.0 Fire Magic
 - Level 3.0 Evocations


You had 5 spell levels left.
You knew the following spells:

 Your Spells              Type           Power        Failure   Level  Hunger
a - Pain                  Necr           ####         1%          1    None
b - Animate Skeleton      Necr           N/A          1%          1    None
c - Vampiric Draining     Necr           #####.....   1%          3    ##.....
d - Animate Dead          Necr           N/A          3%          4    ####...
e - Confusing Touch       Hex            ##....       4%          1    None
f - Throw Flame           Conj/Fire      ###...       5%          2    #......

Your spell library contained the following spells:

 Spells                   Type           Power        Failure   Level  Hunger
 Corpse Rot               Necr           N/A          1%          2    #......
 Sublimation of Blood     Necr           #####.....   1%          2    #......
 Flame Tongue             Conj/Fire      ###..        3%          1    None
 Magic Dart               Conj           ###.         3%          1    None
 Searing Ray              Conj           ###...       5%          2    #......
 Regeneration             Chrm/Necr      ###.......   6%          3    ##.....
 Conjure Flame            Conj/Fire      ###.....     11%         3    ##.....
 Apportation              Tloc           #.....       13%         1    None
 Summon Small Mammal      Summ           #...         13%         1    None
 Dazzling Spray           Conj/Hex       ##....       13%         3    ##.....
 Inner Flame              Hex/Fire       ##......     13%         3    ##.....
 Iskenderun's Mystic Bla  Conj           ###.....     34%         4    ####...
 Sticky Flame             Conj/Fire      ###.....     34%         4    ####...
 Fulminant Prism          Conj/Hex       ##........   38%         4    ####...
 Force Lance              Conj/Tloc      ##......     54%         4    ####...
 Fireball                 Conj/Fire      ###.......   69%         5    ######.
 Summon Lightning Spire   Summ/Air       #.......     77%         4    ####...
 Silence                  Hex/Air        #.........   91%         5    ######.
 Conjure Ball Lightning   Conj/Air       ##........   100%        6    #######
 Deflect Missiles         Chrm/Air       #.........   100%        6    #######
 Tornado                  Air            #.........   100%        9    #######


Dungeon Overview and Level Annotations

Branches:
Dungeon (10/15)            Temple (1/1) D:4            Lair (3/6) D:9
  Swamp (0/4) Lair:2       Spider (0/4) Lair:3          Orc (0/2) D:9

Altars:
Ashenzari
Cheibriados
Dithmenos
Elyvilon
Fedhas
Gozag
Hepliaklqana
Kikubaaqudgha
Makhleb
Nemelex Xobeh
Okawaru
Qazlal
Ru
Trog
Uskayaw
Vehumet
Wu Jian
Xom
Yredelemnul
Zin
The Shining One

Shops:
D:10 (

Annotations:
D:5 Dowan, Duvessa
D:6 Menkaure
D:7 exclusion: statue


Innate Abilities, Weirdness & Mutations

You cannot wear armour.
You are incapable of wielding weapons or throwing items.
Your paws allow you to move quietly. (Stealth)
You have sharp claws.
You have razor-sharp teeth.
You have supernaturally acute eyesight. (SInv)
You are carnivorous and can eat meat at any time.
You cover ground quickly.
You are covered in thick fur. (AC +2)
You have a slow metabolism.
Your sharp claws are effective at attacking unaware monsters.
You are frail. (-10% HP)
Your system is resistant to poisons. (rPois)
Your muscles are strong. (Str +2)


Message History

Kikubaaqudgha accepts your kill. The yak gores you.
* * * LOW HITPOINT WARNING * * *
The yak snorts and paws the ground.
Unknown command.
You barely miss the polar bear.
A wolf comes into view.
Your rime drake zombie bites the yak but does no damage.
Unknown command.
You scratch the polar bear. Your bite misses the polar bear.
The polar bear is lightly wounded.
The polar bear misses you. The polar bear completely misses you.
The polar bear closely misses you. The yak completely misses you.
Your rime drake zombie bites the yak.
Unknown command.
You scratch the polar bear.
The polar bear is lightly wounded.
The yak gores you!
You die...
Kikubaaqudgha rasps: "You have failed me!
Welcome... death!"

###### ###....###
###...##...###
##@Z.####.#...##
#.Yh## #.###...##
###YYY###.###...#
###h.####....##
h..# ###.#.## .##
##...## ## ##..#
###.. #####...#


You could see 2 polar bears, 4 yaks, a wolf and a friendly rime drake zombie.

Vanquished Creatures
  Pikel (D:6)
  A torpor snail (Lair:2)
  An ice devil (Lair:3)
  A komodo dragon (Lair:1)
  3 polar bears (IceCv)
  9 wolves
  A tyrant leech (Lair:2)
  5 blink frogs (Lair:1)
  A spriggan (D:10)
  17 yaks
  A swamp worm (Lair:2)
  A water moccasin (D:7)
  A porcupine (Lair:2)
  2 slaves (D:5)
  A black bear (D:7)
  A sky beast (D:7)
  6 ogres
  A centaur (D:9)
  2 crocodiles (Lair:1)
  3 bullfrogs
  4 scorpions
  A wight (D:9)
  2 howler monkeys
  6 crimson imps
  3 hounds
  2 centaur zombies
  A bullfrog zombie (D:9)
  2 bullfrog skeletons (D:3)
  An orc priest (D:3)
  7 orc wizards
  2 iguanas
  5 worker ants
  A worker ant zombie (D:7)
  5 adders
  An adder skeleton (D:7)
  4 worms
  7 leopard geckos
  33 orcs
  4 ball pythons
  5 bats
  5 giant cockroaches
  8 hobgoblins
  13 jackals
  4 kobolds
  4 quokkas
  8 frilled lizards
  10 goblins
  A jackal zombie (D:9)
  A quokka skeleton (D:4)
  6 rats
215 creatures vanquished.

Vanquished Creatures (collateral kills)
  A black mamba (Lair:1)
  Joseph (D:9)
  A spiny frog (Lair:1)
  An ice devil (Lair:3)
  A rime drake (IceCv)
  2 tyrant leeches (Lair:2)
  A bog body (Lair:2)
  2 hippogriffs (Lair:1)
  7 yaks
  4 swamp worms (Lair:2)
  A water moccasin (Lair:1)
  2 centaurs (D:8)
  6 wolves
  2 wights (D:9)
  A crimson imp (D:9)
  An orc wizard (D:7)
  An orc (D:7)
  A quokka (D:7)
  2 fungi (Lair:2)
38 creatures vanquished.

Vanquished Creatures (others)
  A yak (IceCv)
  A bullfrog skeleton (D:6)
  4 fungi
  7 plants (Lair:2)
13 creatures vanquished.

Grand Total: 266 creatures vanquished

Notes
Turn   | Place    | Note
-------+----------+-------------------------------------------
     0 | D:1      | Lusmu the Felid Necromancer began the quest for the Orb.
     0 | D:1      | Reached XP level 1. HP: 7/7 MP: 4/4
   165 | D:2      | Found an opulent altar of Gozag.
   208 | D:2      | Reached XP level 2. HP: 2/11 MP: 3/6
  1049 | D:2      | Found a sacrificial altar of Ru.
  1106 | D:2      | Learned a level 1 spell: Animate Skeleton
  1465 | D:2      | Reached XP level 3. HP: 11/14 MP: 7/7
  1607 | D:1      | Learned a level 3 spell: Vampiric Draining
  2866 | D:2      | Reached skill level 5 in Stealth
  2966 | D:2      | Gained mutation: You passively map a small area around you.
                  | [potion of mutation]
  2966 | D:2      | Gained mutation: Your flesh is cold resistant. (rC+)
                  | [potion of mutation]
  2966 | D:2      | Gained mutation: You are partially covered in rugged brown
                  | scales. (AC +1, +3% HP) [potion of mutation]
  2967 | D:2      | Lost mutation: You passively map a small area around you.
                  | [potion of mutation]
  2967 | D:2      | Lost mutation: Your flesh is cold resistant. (rC+) [potion
                  | of mutation]
  2967 | D:2      | Lost mutation: You are partially covered in rugged brown
                  | scales. (AC +1, +3% HP) [potion of mutation]
  2967 | D:2      | Gained mutation: Your magical capacity is low. (-10% MP)
                  | [potion of mutation]
  2967 | D:2      | Gained mutation: You possess an exceptional clarity of
                  | mind. [potion of mutation]
  2967 | D:2      | Gained mutation: You are weak. (Str -2) [potion of
                  | mutation]
  2967 | D:2      | Gained mutation: You evolve. [potion of mutation]
  3584 | D:3      | You fall through a shaft for 3 floors!
  3585 | D:6      | Noticed a black bear
  3604 | D:6      | Noticed a scorpion
  3613 | D:5      | Entered Level 5 of the Dungeon
  3620 | D:5      | Reached XP level 4. HP: 13/18 MP: 0/7
  3734 | D:4      | Reached XP level 5. HP: 12/21 MP: 6/8
  3948 | D:3      | Lost mutation: You are weak. (Str -2) [potion of mutation]
  3948 | D:3      | Lost mutation: You possess an exceptional clarity of mind.
                  | [potion of mutation]
  3948 | D:3      | Lost mutation: Your magical capacity is low. (-10% MP)
                  | [potion of mutation]
  3948 | D:3      | Lost mutation: You evolve. [potion of mutation]
  3948 | D:3      | Gained mutation: You possess an exceptional clarity of
                  | mind. [potion of mutation]
  3948 | D:3      | Gained mutation: Your muscles are strong. (Str +2) [potion
                  | of mutation]
  3948 | D:3      | Gained mutation: You are partially covered in large bone
                  | plates. (SH +4) [potion of mutation]
  3948 | D:3      | Gained mutation: Your system is resistant to poisons.
                  | (rPois) [potion of mutation]
  3959 | D:3      | Found a shadowy altar of Dithmenos.
  4049 | D:3      | Found a snail-covered altar of Cheibriados.
  4481 | D:3      | Reached skill level 5 in Necromancy
  4773 | D:3      | Gained mutation: You are covered in thick fur. (AC +2)
                  | [Felid growth]
  4773 | D:3      | Reached XP level 6. HP: 19/24 MP: 3/10
  6713 | D:3      | Reached skill level 1 in Fighting
  6713 | D:3      | Reached skill level 1 in Unarmed Combat
  6713 | D:3      | Reached XP level 7. HP: 8/28 MP: 4/11
  8061 | D:4      | Found a staircase to the Ecumenical Temple.
  8151 | D:5      | Noticed Duvessa
  8345 | Temple   | Entered the Ecumenical Temple
  8398 | Temple   | Became a worshipper of Kikubaaqudgha
  8474 | D:5      | Learned a level 4 spell: Animate Dead
  8476 | D:5      | Learned a level 1 spell: Confusing Touch
  8485 | D:5      | Noticed Dowan
  8741 | D:6      | Found a glowing golden altar of the Shining One.
  8743 | D:6      | Noticed an angel
  8749 | D:6      | Found a basalt altar of Yredelemnul.
  8751 | D:6      | Noticed a profane servitor
  8776 | D:6      | Noticed Pikel
 10104 | D:6      | Reached skill level 1 in Hexes
 10268 | D:6      | Noticed Menkaure
 10440 | D:7      | Reached XP level 8. HP: 22/34 MP: 0/12
 10689 | D:7      | Found a radiant altar of Vehumet.
 10710 | D:7      | Reached * piety under Kikubaaqudgha
 10710 | D:7      | Identified Kikubaaqudgha's Compendium of Evil
                  | (Kikubaaqudgha gifted it to you on level 7 of the Dungeon)
 10710 | D:7      | Received a gift from Kikubaaqudgha
 10819 | D:7      | Found a glowing silver altar of Zin.
 10873 | D:7      | Found a shattered altar of Ashenzari.
 11224 | D:6      | Killed Pikel
 11699 | D:8      | Reached skill level 5 in Fighting
 11768 | D:8      | Reached skill level 5 in Unarmed Combat
 11768 | D:8      | Reached XP level 9. HP: 31/40 MP: 10/13
 11770 | D:8      | Reached skill level 1 in Evocations
 12265 | D:8      | Found a white marble altar of Elyvilon.
 12846 | D:9      | Found a staircase to the Lair.
 13117 | D:9      | Noticed Joseph
 13379 | D:9      | Found a staircase to the Orcish Mines.
 13572 | D:10     | Entered Level 10 of the Dungeon
 13575 | D:10     | Found Kodur's Weapon Shop.
 13589 | D:10     | Reached skill level 5 in Dodging
 13860 | D:8      | Learned a level 2 spell: Throw Flame
 13900 | D:9      | Killed Joseph
 14341 | Lair:1   | Entered Level 1 of the Lair of Beasts
 14486 | Lair:1   | Reached skill level 1 in Conjurations
 14486 | Lair:1   | Reached skill level 1 in Fire Magic
 14659 | Lair:1   | Noticed a black mamba
 14680 | Lair:1   | Killed a black mamba
 14758 | Lair:1   | Noticed a spiny frog
 14771 | Lair:1   | Killed a spiny frog
 14829 | Lair:1   | Reached XP level 10. HP: 44/44 MP: 17/17
 14950 | Lair:1   | Reached ** piety under Kikubaaqudgha
 16650 | Lair:2   | Found a staircase to the Swamp.
 17849 | Lair:2   | Noticed a torpor snail
 18227 | Lair:2   | Reached XP level 11. HP: 47/47 MP: 14/18
 18311 | Lair:2   | Reached skill level 10 in Dodging
 18319 | Lair:2   | Reached skill level 10 in Stealth
 19503 | Lair:3   | Found a frozen archway.
 19601 | Lair:3   | Lost mutation: You possess an exceptional clarity of mind.
                  | [potion of mutation]
 19601 | Lair:3   | Lost mutation: You are partially covered in large bone
                  | plates. (SH +4) [potion of mutation]
 19601 | Lair:3   | Gained mutation: You are frail. (-10% HP) [potion of
                  | mutation]
 19604 | IceCv    | Entered an ice cave
 19828 | IceCv    | Engulfed by a cloud of freezing vapour
 19829 | IceCv    | Reached XP level 10. HP: -1/39 MP: 17/17
 20439 | IceCv    | Slain by a polar bear
 20440 | IceCv    | Reached XP level 9. HP: -4/36 MP: 5/17
 20461 | IceCv    | Noticed a polar bear
 20461 | IceCv    | Noticed a polar bear
 20483 | IceCv    | Noticed a polar bear
 20494 | IceCv    | Noticed a polar bear
 20507 | IceCv    | Killed a polar bear
 20510 | IceCv    | Slain by a yak

Skill      XL: |  1  2  3  4  5  6  7  8  9 10 11 |
---------------+----------------------------------+-----
Stealth        | 3 4 5 6 7 8 9 10 | 10.0
Necromancy     | 5 6 7 8 |  8.6
Fighting       | 1 3 5 |  5.8
Unarmed Combat | 1 3 5 6 8 |  8.5
Hexes          | 2 |  2.2
Dodging        | 3 6 9 10 | 10.0
Evocations     | 3 |  3.0
Spellcasting   | 4 |  4.8
Conjurations   | 2 3 |  3.1
Fire Magic     | 1 3 |  3.0

Action                   |  1- 3 |  4- 6 |  7- 9 | 10-12 || total
-------------------------+-------+-------+-------+-------++-------
Melee: Unarmed           |    72 |    86 |   251 |   148 ||   557
       Bite              |     6 |     8 |    17 |    16 ||    47
       Punch             |       |       |     1 |     5 ||     6
 Cast: Pain              |    64 |    77 |   184 |   102 ||   427
       Animate Skeleton  |     3 |     3 |    26 |    12 ||    44
       Vampiric Draining |     2 |     5 |    15 |    51 ||    73
       Animate Dead      |       |       |     8 |    19 ||    27
       Confusing Touch   |       |       |     9 |     9 ||    18
       Throw Flame       |       |       |     6 |     2 ||     8
Invok: Receive Corpses   |       |       |     5 |    13 ||    18
Evoke: Wand              |       |       |     5 |    20 ||    25
  Use: Scroll            |     7 |     3 |     4 |     3 ||    17
       Potion            |     6 |     6 |     1 |     2 ||    15
 Stab: Sleeping          |     6 |    12 |    10 |     2 ||    30
       Distracted        |       |     1 |       |     4 ||     5
       Confused          |       |       |     2 |       ||     2
  Eat: Chunk             |    14 |     7 |    21 |    18 ||    60
Armor: Skin              |    11 |     7 |    21 |     7 ||    46
Dodge: Dodged            |    89 |    52 |   260 |   219 ||   620
Block: Other             |       |    16 |    58 |    15 ||    89
